 Dungeon Crawl Stone Soup version 0.27.0-1-g7a089689b8 (webtiles) character file.

Game seed: 15381018718641175268

266 rvierbuc the Conjurer (level 6, 0/32 HPs)
             Began as a Deep Elf Conjurer on Aug 4, 2021.
             Slain by a gnoll (3 damage)
             ... on level 4 of the Dungeon.
             The game lasted 00:36:12 (1996 turns).

rvierbuc the Conjurer (Deep Elf Conjurer)           Turns: 1996, Time: 00:36:12

Health: 0/32       AC:  4    Str:  4    XL:     6   Next: 0%
Magic:  6/16       EV: 13    Int: 25    God:
Gold:   62         SH:  0    Dex: 13    Spells: 12/15 levels left

rFire    . . .     SeeInvis .   e - +1 short sword (speed)
rCold    . . .     Faith    .   (no shield)
rNeg     . . .     Spirit   .   b - +0 robe
rPois    .         Reflect  .   f - +0 helmet
rElec    .         Harm     .   h - +0 cloak
rCorr    .         Rampage  .   (no gloves)
Will     .....                  (no boots)
Stlth    ++........             (no amulet)
HPRegen  0.10/turn              (no ring)
MPRegen  0.15/turn              (no ring)

@: no status effects
A: no striking features
a: no special abilities


You were on level 4 of the Dungeon.
You visited 1 branch of the dungeon, and saw 4 of its levels.

You collected 110 gold pieces.
You spent 48 gold pieces at shops.

Inventory:

Hand Weapons
 e - a +1 short sword of speed (weapon)
 k - a +0 falchion
Missiles
 m - 7 atropa-tipped darts
Armour
 a - a +0 robe
 b - a +0 robe (worn)
 f - a +0 helmet (worn)
 g - a +0 kite shield
 h - a +0 cloak (worn)
 i - a +0 chain mail
Scrolls
 c - a scroll of fog {unknown}
Potions
 d - a potion of degeneration {unknown}
 j - a potion of flight
 l - a potion of lignification


   Skills:
 + Level 3.5 Dodging
 + Level 3.0 Stealth
 + Level 5.3 Spellcasting
 + Level 6.4 Conjurations


You had 12 spell levels left.
You knew the following spells:

 Your Spells              Type           Power      Damage    Failure   Level
a - Magic Dart            Conj           100%       1d8       1%          1
b - Searing Ray           Conj           76%        3d6       1%          2

Your spell library contained the following spells:

 Spells                   Type           Power      Damage    Failure   Level
 Dazzling Flash           Conj/Hex       44%        N/A       6%          3
 Fulminant Prism          Conj/Hex       11%        3d9       22%         4
 Iskenderun's Mystic Bla  Conj/Tloc      22%        2d6       22%         4
 Tukima's Dance           Hex            6%         N/A       24%         3
 Passage of Golubria      Tloc           N/A        N/A       61%         4
 Yara's Violent Unravell  Hex/Tmut       3%         3d4       91%         5
 Conjure Ball Lightning   Conj/Air       11%        3x3d6     97%         6
 Discord                  Hex            3%         N/A       100%        8
 Disjunction              Tloc           3%         N/A       100%        8


Dungeon Overview and Level Annotations

Branches:
Dungeon (4/15)
 Temple: D:4-7

Altars:
Ashenzari
Hepliaklqana
Makhleb

Shops:
D:3 *


Message History

You finish channeling your searing ray.
Ijyb hits you with a +0 club.
Your Stealth skill increases to level 3!
Your Spellcasting skill increases to level 5!
Casting: Searing Ray (safe; 1% risk of failure)
Confirm with . or Enter, or press ? or * to list all spells.
Aiming: Searing Ray (safe; 1% risk of failure)
Press: ? - help, Shift-Dir - straight line The searing ray hits Ijyb.
You kill Ijyb!
The searing ray misses the gnoll. (Press . to maintain the ray.)
You have reached level 6!
Your experience leads to an increase in your attributes!
Increase (S)trength, (I)ntelligence, or (D)exterity?
Uppercase letters only, please.
You feel clever.
Without enough magic to sustain it, your searing ray dissipates.
The gnoll misses you.
You hit the gnoll.
The gnoll is moderately wounded.
The gnoll hits you with a +0 whip.
Things that are here:
a +0 whip; a +0 leather armour; a +2 mace of draining
Things that are here:
a +0 flail; a gnoll corpse The gnoll hits you with a +0 whip.
* * * LOW HITPOINT WARNING * * *
The gnoll hits you with a +0 whip.
* * * LOW HITPOINT WARNING * * *
There is a stone staircase leading up here.
The gnoll closely misses you. The gnoll completely misses you.
Things that are here:
a +0 club; a +0 ring mail; a wand of flame (16)
Things that are here:
a +0 flail; a gnoll corpse The gnoll shouts!
The kobold shouts!
The gnoll hits you with a +0 whip.
You die...

#####..... #.#...#
...... ##..## .....
##.##)## ....# .
#...#).# #...# ..
##...#)## #...##...
##...g.### #...)....
##.g....#####..).....
##.@.......#..#
#...........##
#...........#
#..#........#
##...........#
#.......K....#
##...........#
###<..###...# ##.##
##..#


You could see 2 gnolls and a kobold.

Vanquished Creatures
  A gnoll shaman (D:4)
  Ijyb (D:4)
  Natasha (thrice) (D:3)
  An orc wizard (D:4)
  2 gnolls (D:4)
  4 adders
  A worm (D:2)
  2 dart slugs
  2 orcs
  9 endoplasms
  A giant cockroach (D:2)
  3 hobgoblins
  A quokka (D:3)
  4 ball pythons
  4 bats
  7 frilled lizards
  3 goblins (D:3)
  7 kobolds
  3 rats
59 creatures vanquished.

Notes
Turn   | Place    | Note
-------+----------+-------------------------------------------
     0 | D:1      | rvierbuc the Deep Elf Conjurer began the quest for the Orb.
     0 | D:1      | Reached XP level 1. HP: 10/10 MP: 6/6
   152 | D:1      | Reached XP level 2. HP: 15/15 MP: 2/8
   891 | D:2      | Reached skill level 5 in Conjurations
   891 | D:2      | Reached XP level 3. HP: 18/19 MP: 3/9
  1024 | D:2      | Learned a level 2 spell: Searing Ray
  1181 | D:3      | Found a broken altar of Ashenzari.
  1250 | D:3      | Noticed Natasha
  1254 | D:3      | Killed Natasha
  1255 | D:3      | Reached XP level 4. HP: 24/24 MP: 7/11
  1324 | D:3      | Found Ekuonoza's Assorted Antiques.
  1331 | D:3      | Bought 2 scrolls labelled VIAMAZ TYICOGIM for 48 gold
                  | pieces
  1442 | D:3      | Noticed Natasha
  1446 | D:3      | Killed Natasha
  1447 | D:3      | Reached skill level 6 in Conjurations
  1473 | D:3      | Found a hazy altar of Hepliaklqana.
  1473 | D:3      | Found a burning altar of Makhleb.
  1519 | D:3      | Noticed Natasha
  1523 | D:3      | Killed Natasha
  1524 | D:3      | Reached XP level 5. HP: 21/28 MP: 9/13
  1930 | D:4      | Noticed Ijyb
  1957 | D:4      | Reached skill level 5 in Spellcasting
  1957 | D:4      | Killed Ijyb
  1958 | D:4      | Reached XP level 6. HP: 13/32 MP: 0/16
  1972 | D:4      | HP: 1/32 [gnoll (5)]
  1996 | D:4      | Slain by a gnoll

Illustrated notes

Levels and vault maps discovered:
D:1:      dpeg_arrival_concentric_ovals, layout_basic, minmay_lizard_king
D:2:      layout_basic, kennysheep_generic_room_8
D:3:      layout_loops_ring, chequers_temple_overflow_statue_of_worship,
          ashenzari_altar_1, serial_shops, shop, uniq_natasha
D:4:      layout_layer_cave, minmay_temple_entry_large_hall, serial_shops,
          shop_statue, uniq_crazy_yiuf_cottage, uniq_ijyb

Skill      XL: |  1  2  3  4  5 |
---------------+----------------+-----
Conjurations   | 5 6 |  6.4
Dodging        | 3 |  3.5
Spellcasting   | 4 5 |  5.3
Stealth        | 3 |  3.0

Action                   |  1- 3 |  4- 6 || total
-------------------------+-------+-------++-------
Melee: Short sword       |     9 |     1 ||    10
 Cast: Magic Dart        |    74 |    31 ||   105
       Searing Ray       |     4 |     5 ||     9
  Use: Potion            |     3 |       ||     3
       Scroll            |     1 |     3 ||     4
Armor: Robe              |     3 |     4 ||     7
Dodge: Dodged            |    12 |     8 ||    20
